AoeStats
← Babifort

Arabian Desert

510722106Analyzed
1v1 RM · 13h ago on Oct 2, 2026· 47m 20s· 2 players
Game mode
Random Map
Map size
Tiny (2 player)
Population
200
Speed
Normal
Resources
Standard
Victory
Conquest
Starting age
Dark Age
Ending age
Imperial Age
RankedLock teamsTeams togetherTeam positionsShared explorationLock speedFull tech treeHidden civsTurbo modeCheats
Victory
Defeat
🇫🇷 Malians · France
1537
+13
1470
-13
Babifort
6:35 Loom
9:12 Feudal Age
9:55 Double-Bit Axe
10:43 Horse Collar
15:53 Wheelbarrow
19:20 Castle Age
18:33 Forging
19:16 Scale Barding Armor
21:04 Iron Casting
21:07 Bow Saw
22:50 Chain Barding Armor
34:03 Imperial Age
32:40 Bloodlines
32:31 Scale Mail Armor
33:09 Hand Cart
35:45 Chemistry
35:25 Plate Barding Armor
35:05 Chain Mail Armor
34:54 Heavy Camel Rider
36:25 Heavy Plow
37:46 Plate Mail Armor
37:48 Fletching
37:27 Elite Gbeto
39:10 Guilds
40:45 Bodkin Arrow
40:54 Cavalier
40:56 Light Cavalry
42:58 Masonry
43:09 Ballistics
43:40 Crop Rotation
43:35 Farimba
43:44 Cavalier
44:54 Husbandry
❇ 汝若雪花般消逝 ❇
5:55 Loom
8:26 Feudal Age
9:49 Double-Bit Axe
10:55 Town Watch
12:05 Horse Collar
19:09 Gold Mining
22:06 Castle Age
21:07 Bloodlines
21:07 Scale Barding Armor
22:32 Scale Mail Armor
22:08 Pikeman
23:28 Bow Saw
24:51 Wheelbarrow
28:23 Squires
34:07 Imperial Age
33:01 Chain Mail Armor
32:26 Man-at-Arms
33:34 Long Swordsman
34:34 Hand Cart
34:25 Legionary
36:07 Forging
37:44 Conscription
43:51 Heavy Plow
43:23 Light Cavalry
44:18 Fletching
44:43 Husbandry
45:46 Bodkin Arrow
Connection lost

Rejoining the realm…

Still unreachable

The connection could not be restored.

Session expired

The server has moved on; the page needs a fresh start.